 Dungeon Crawl Stone Soup version 0.29-a0-270-g1586fc07ea (webtiles) character file.

Game seed: 6489959728580554800

164 mathmaestro the Ruffian (level 5, -5/53 HPs)
             Began as a Troll Monk on Mar 7, 2022.
             Slain by a killer bee (8 damage)
             ... on level 4 of the Dungeon.
             The game lasted 00:05:35 (2371 turns).

mathmaestro the Ruffian (Troll Monk)                Turns: 2371, Time: 00:05:37

Health: -5/53      AC:  5    Str: 21    XL:     5   Next: 21%
Magic:  4/4        EV: 10    Int:  6    God:
Gold:   172        SH:  0    Dex: 12    Spells: 4/4 levels left

rFire   . . .      SeeInvis .     - Unarmed
rCold   + + .      Faith    .   (no shield)
rNeg    . . .      Spirit   .   a - +0 robe
rPois   .          Reflect  .   (helmet restricted)
rElec   .          Harm     .   v - +0 cloak
rCorr   .          Rampage  .   (gloves unavailable)
Will    .....                   (boots unavailable)
Stlth   ++........              e - amulet of the acrobat
HPRegen 0.97/turn               d - ring of protection from cold
MPRegen 0.09/turn               o - ring of protection from cold

@: lethally poisoned (-5 -> -7), flying
A: large, unfitting armour, claws 3, regeneration 1, shaggy fur 1, tough skin 1
a: no special abilities


You were on level 4 of the Dungeon.
You visited 2 branches of the dungeon, and saw 5 of its levels.

You collected 172 gold pieces.

Inventory:

Missiles
 c - 157 stones (quivered)
 k - 7 poisoned darts
 p - 6 atropa-tipped darts
Armour
 a - a +0 robe (worn)
 v - a +0 cloak (worn)
Jewellery
 d - a ring of protection from cold (left claw)
 e - an amulet of the acrobat (around neck)
 o - a ring of protection from cold (right claw)
 u - a ring of flight
Scrolls
 f - a scroll of fog {unknown}
 h - 2 scrolls of identify
 m - a scroll of amnesia {unknown}
 n - a scroll of acquirement {unknown}
 q - a scroll of blinking {unknown}
 r - a scroll of enchant armour {unknown}
 t - a scroll of teleportation {unknown}
 y - a scroll of summoning {unknown}
Potions
 i - a potion of heal wounds {unknown}
 j - 2 potions of attraction
 l - a potion of flight
 s - a potion of invisibility {unknown}
 w - a potion of cancellation {unknown}
 x - a potion of resistance {unknown}


   Skills:
 + Level 3.3 Fighting
 + Level 2.0 Throwing
 - Level 3.0 Dodging
 - Level 1.0 Stealth
 + Level 4.1 Unarmed Combat


You had 4 spell levels left.
You didn't know any spells.
Your spell library contained the following spells:

 Spells                   Type           Power      Damage    Failure   Level
 Sublimation of Blood     Necr           0%         N/A       58%         2
 Wereblood                Tmut           0%         N/A       58%         2
 Summon Hydra             Summ           0%         N/A       100%        7


Dungeon Overview and Level Annotations

Branches:
Dungeon (4/15)             Temple (1/1) D:4

Altars:
Ashenzari
Cheibriados
Dithmenos
Elyvilon
Makhleb
Sif Muna
Vehumet
Xom
Yredelemnul
Zin
Lugonu


Innate Abilities, Weirdness & Mutations

You are too large for most types of armour.
You have claws for hands.
Your natural rate of healing is unusually fast.
You are covered in fur. (AC +1)
You have tough skin. (AC +1)


Message History

* * * LOW HITPOINT WARNING * * *
You are more poisoned.
The killer bee poisons you! The killer bee stings you.
* * * LOW HITPOINT WARNING * * *
The killer bee stings you.
* * * LOW HITPOINT WARNING * * *
Unknown command.
You bump into the rock wall.
* * * LOW HITPOINT WARNING * * *
You feel very sick.
The killer bee barely misses you. x2; The killer bee stings you.
* * * LOW HITPOINT WARNING * * *
You are more poisoned.
The killer bee poisons you! The killer bee barely misses you.
You feel better.
You feel less invigorated.
The killer bee stings you but does no damage.
The killer bee stings you.
* * * LOW HITPOINT WARNING * * *
You are poisoned.
The killer bee poisons you! The killer bee stings you.
* * * LOW HITPOINT WARNING * * *
The killer bee stings you.
* * * LOW HITPOINT WARNING * * *
You are more poisoned.
The killer bee poisons you!
Unknown command.
As you read the scroll labelled WIMIAPL JEWOMN, it crumbles to dust.
It is a scroll of identify.
j - 2 potions of attraction
* * * LOW HITPOINT WARNING * * *
You feel very sick. The killer bee closely misses you.
The killer bee completely misses you.
The killer bee stings you but does no damage. x2
It was a potion of flight.
You feel very buoyant.
You fly up into the air.
* * * LOW HITPOINT WARNING * * *
You feel very sick. The killer bee barely misses you.
The killer bee stings you!
You die...

#..#########..# #..##..##### #..#
#..##.# ..##..#...## #..# #..##.#
#.#......#... #..# #..##.#
#....#.####.# #.g# #..##.#
###....# #.# #..# #..##$# #.####
#.# #y.# #..##.# #.# #.#
#..#########.g##y# #.# #^#
#............yyy@# #.# #.#
#.################ #.# #.#
#.#####################.#######.#
#...............................#
#######################.#########
#.......... ########### #


You could see 4 killer bees and a goblin.

Vanquished Creatures
  A killer bee (D:4)
  6 adders
  2 worms
  A dart slug (D:1)
  4 endoplasms
  2 giant cockroaches
  6 goblins
  4 hobgoblins
  6 kobolds
  5 quokkas
  4 ball pythons
  11 bats
  3 frilled lizards
  5 rats (D:1)
60 creatures vanquished.

Vanquished Creatures (others)
  9 plants (D:3)
9 creatures vanquished.

Grand Total: 69 creatures vanquished

Notes
Turn   | Place    | Note
-------+----------+-------------------------------------------
     0 | D:1      | mathmaestro the Troll Monk began the quest for the Orb.
     0 | D:1      | Reached XP level 1. HP: 22/22 MP: 0/0
   138 | D:1      | Reached XP level 2. HP: 29/29 MP: 1/1
   845 | D:2      | Reached XP level 3. HP: 30/36 MP: 2/2
  1286 | D:3      | Found a shimmering blue altar of Sif Muna.
  1342 | D:3      | Reached skill level 1 in Throwing
  1502 | D:3      | Found a radiant altar of Vehumet.
  1654 | D:3      | Found a burning altar of Makhleb.
  1654 | D:3      | Noticed an Executioner
  1658 | D:3      | Noticed an orange demon
  1658 | D:3      | Noticed a ynoxinul
  1667 | D:3      | Reached XP level 4. HP: 44/44 MP: 3/3
  2092 | D:3      | Found a broken altar of Ashenzari.
  2127 | D:4      | Found a staircase to the Ecumenical Temple.
  2158 | Temple   | Entered the Ecumenical Temple
  2348 | D:4      | Reached skill level 4 in Unarmed Combat
  2348 | D:4      | Reached XP level 5. HP: 28/53 MP: 4/4
  2371 | D:4      | Slain by a killer bee

Illustrated notes

Levels and vault maps discovered:
D:1:      kennysheep_arrival_forest, layout_loops_ring,
          shapermc_ecumenical_altar_mp_urbaneastern
D:2:      layout_rooms
D:3:      layout_basic, makhleb_altar_promises_db, mainiacjoe_overflow_paths,
          nicolae_ashenzari_panopticon, nicolae_vehumet_radiance, serial_bayou,
          serial_bayou_crossing, serial_bayou_pond_a, serial_bayou_shore_b,
          serial_bayou_pond_c, serial_bayou_pond_b, dk_vineyard_1
D:4:      layout_basic, grunt_temple_overflow_opulence,
          mainiacjoe_overflow_concentric_impassable, minmay_temple_entry_wispy
Temple:   corrupted_temple

Skill      XL: |  1  2  3  4 |
---------------+-------------+-----
Throwing       | 1 2 |  2.0
Fighting       | 3 |  3.3
Dodging        | 3 |  3.0
Unarmed Combat | 4 |  4.1
Stealth        | |  1.0

Action                   |  1- 3 |  4- 6 || total
-------------------------+-------+-------++-------
Melee: Unarmed           |   101 |    49 ||   150
       Punch             |     2 |     1 ||     3
  Use: Potion            |       |     6 ||     6
       Scroll            |       |     1 ||     1
 Stab: Sleeping          |     4 |       ||     4
Armor: Robe              |    32 |    27 ||    59
Dodge: Dodged            |    64 |    89 ||   153

Table legend: (Time is in decaauts)
 A = Elapsed time spent in this place.
 B = Non-inter-level travel time spent in this place.
 C = Inter-level travel time spent in this place.
 D = Time resting spent in this place.
 E = Time spent auto-exploring this place.
 F = Levels seen in this place.
 G = Mean time per level.
                   A        B        C        D        E       F      G
               +--------+--------+--------+--------+--------+-----+--------+
         Total |   2368 |   2291 |     77 |      0 |   1786 |   5 |  473.6 |
       Dungeon |   2327 |   2261 |     66 |      0 |   1764 |   4 |  581.8 |
        Temple |     40 |     29 |     11 |      0 |     22 |   1 |   40.0 |
               +--------+--------+--------+--------+--------+-----+--------+

Top non-repeatable levels by time:
     D:3: 841 daAuts
     D:1: 802 daAuts
     D:2: 467 daAuts
     D:4: 217 daAuts
  Temple: 40 daAuts
